 Dungeon Crawl Stone Soup version 0.31-a0-187-gba352fbbf7 (webtiles) character file.

Game seed: 4634635772493967517

97 qw the Shooter (level 4, -3/25 HPs)
             Began as a Deep Elf Hunter on June 22, 2023.
             Slain by Terence
             ... wielding a +0 hand axe
              (7 damage)
             ... on level 2 of the Dungeon.
             The game lasted 00:00:22 (957 turns).

qw the Shooter (Deep Elf Hunter)                     Turns: 957, Time: 00:00:23

Health: -3/25      AC:  4    Str: 10    XL:     4   Next: 42%
Magic:  6/6        EV: 12    Int: 14    God:
Gold:   142        SH:  0    Dex: 18    Spells: 3/3 levels left

rFire   . . .        Y - +0 shortbow
rCold   . . .        (shield currently unavailable)
rNeg    . . .        c - +0 leather armour
rPois   .            (no helmet)
rElec   .            (no cloak)
rCorr   .            (no gloves)
SInv    .            g - +0 pair of boots
Will    .....        (no amulet)
Stlth   ++           (no ring)
HPRegen 0.24/turn    (no ring)
MPRegen 0.10/turn

%: no passive effects
@: no status effects
A: no striking features
a: no special abilities


You were on level 2 of the Dungeon.
You visited 1 branch of the dungeon, and saw 2 of its levels.

You collected 142 gold pieces.


   Skills:
 - Level 1.5 Fighting
 + Level 7.8 Ranged Weapons
 - Level 2.4 Dodging
 - Level 1.2 Stealth


You had 3 spell levels left.
You didn't know any spells.
Your spell library was empty.

Inventory:

Hand Weapons
 Y - a +0 shortbow (weapon)
Armour
 a - a +0 robe of willpower
 c - a +0 leather armour (worn)
 g - a +0 pair of boots (worn)
Scrolls
 b - a scroll of amnesia {unknown}
Potions
 d - a potion of lignification {unknown}
 e - a potion of enlightenment {unknown}
 f - a potion of curing {unknown}
 h - a potion of resistance {unknown}

Dungeon Overview and Level Annotations

Branches:
Dungeon (2/15)

Altars:

Annotations:
D:2 Terence


Message History

Enter note:
Enter note:
Enter note:
There is a stone staircase leading down here.
There is an open door here.
Terence the Incautious comes into view.
He is wielding a +0 hand axe.
Enter note:
Enter note:
Enter note:
Enter note: You shoot an arrow.
The arrow hits Terence but does no damage.
Terence shouts!
You shoot an arrow.
The arrow hits Terence but does no damage.
You shoot an arrow. The arrow hits Terence.
Terence is lightly wounded.
You shoot an arrow.
The arrow hits Terence but does no damage.
Terence is lightly wounded.
You shoot an arrow.
The arrow hits Terence but does no damage.
Terence is lightly wounded.
You shoot an arrow.
The arrow hits Terence but does no damage.
Terence is lightly wounded.
Terence hits you with a +0 hand axe.
You shoot an arrow. The arrow barely misses Terence.
Terence hits you with a +0 hand axe.
You shoot an arrow. The arrow barely misses Terence.
Terence hits you with a +0 hand axe.
You shoot an arrow. The arrow closely misses Terence.
Terence hits you but does no damage.
You shoot an arrow. The arrow barely misses Terence.
Terence hits you with a +0 hand axe!
You shoot an arrow. The arrow barely misses Terence.
Terence hits you with a +0 hand axe.
You shoot an arrow. The arrow barely misses Terence.
Terence hits you with a +0 hand axe!
You die...

#.# # #.# #
##############.# #
#..............# #
#.################
#.# #>...' #.# ###
#.#### #.##....#
#.#### #@@.....#
#..... ####.#..#
##.... .. #....
..# #.... ## #....
#.... #.... #....
#....


You could see Terence.

Vanquished Creatures
  A scorpion (D:2)
  A worm (D:2)
  2 dart slugs (D:1)
  A ball python (D:2)
  A bat (D:1)
  8 endoplasms
  A giant cockroach (D:1)
  2 goblins
  3 hobgoblins
  4 jackals (D:1)
  A kobold (D:2)
  A quokka (D:2)
  3 rats (D:1)
29 creatures vanquished.

Notes
Turn   | Place    | Note
-------+----------+-------------------------------------------
     0 | D:1      | qw the Deep Elf Hunter began the quest for the Orb.
     0 | D:1      | Reached XP level 1. HP: 12/12 MP: 3/3
     0 | D:1      | 0 ||| qw: Version: 0.3-a-9-g12657ce
     0 | D:1      | 0 ||| qw: Game counter: 2011
     0 | D:1      | 0 ||| qw: Always use a shield: true
     0 | D:1      | 0 ||| qw: God list: Okawaru
     0 | D:1      | 0 ||| qw: Allow faded altars: false
     0 | D:1      | 0 ||| qw: Do Orc after D:15 true
     0 | D:1      | 0 ||| qw: Do second Lair branch before Depths: true
     0 | D:1      | 0 ||| qw: Lair rune preference: random
     0 | D:1      | 0 ||| qw: Plans: Normal
     0 | D:1      | 0 ||| PLANNING D:1-11
    10 | D:1      | 10 ||| FLEEEEING.
    11 | D:1      | 11 ||| FLEEEEING.
    77 | D:1      | Reached XP level 2. HP: 16/16 MP: 4/4
    90 | D:1      | Reached skill level 6 in Ranged Weapons
   396 | D:1      | Reached XP level 3. HP: 20/20 MP: 5/5
   475 | D:1      | 475 ||| UPGRADING to +0 pair of boots.
   480 | D:1      | 480 ||| READING scroll labelled ISODAW ZU QEST.
   481 | D:1      | 481 ||| READING scroll labelled XUZU JUWIECIN.
   482 | D:1      | 482 ||| DROPPING scroll of butterflies.
   510 | D:2      | Found a faded altar of an unknown god.
   513 | D:2      | Noticed a scorpion
   524 | D:2      | Killed a scorpion
   524 | D:2      | HP: 5/20 [poisoned by a scorpion]
   525 | D:2      | Reached skill level 7 in Ranged Weapons
   525 | D:2      | Reached XP level 4. HP: 7/25 MP: 6/6
   529 | D:2      | HP: 2/25 [poisoned by a scorpion]
   945 | D:2      | Noticed Terence
   955 | D:2      | HP: 6/25 [Terence/+0 hand axe (7)]
   957 | D:2      | Slain by Terence

Levels and vault maps discovered:
D:1:      dreamdust_arrival_beginning_and_end, layout_rooms, minmay_pentomino_q4
D:2:      layout_basic, hellmonk_ecumenical_altar_blasted, serial_shops, shop,
          uniq_terence

Skill      XL: |  1  2  3 |
---------------+----------+-----
Ranged Weapons | 6 7 |  7.8
Fighting       | |  1.5
Dodging        | |  2.4
Stealth        | |  1.2

Action                     |  1- 3 |  4- 6 || total
---------------------------+-------+-------++-------
   Fire: Shortbow          |    58 |    29 ||    87
    Use: Scroll            |     2 |       ||     2
 Armour: Leather armour    |     4 |     2 ||     6
  Dodge: Dodged            |     8 |     3 ||    11

Table legend:
 A = Non-vault XP
 B = Vault XP
 C = Vault XP percentage of total XP
 D = Non-vault monster count
 E = Vault monster count
 F = Vault count percentage of total count
                 A         B        C        D         E       F
            +---------+---------+-------+---------+---------+-------
      Total |     131 |       8 |   5.8 |      26 |       3 |  10.3
            +---------+---------+-------+---------+---------+-------
        D:1 |      35 |       8 |  18.6 |      18 |       3 |  14.3
        D:2 |      96 |       0 |   0.0 |       8 |       0 |   0.0
            +---------+---------+-------+---------+---------+-------
